 Dungeon Crawl Stone Soup version 0.29-a0-887-gcbe080d7e0 (webtiles) character file.

Game seed: 16627903198967122887

0 porpoise the Sneak (level 1, 0/18 HPs)
             Began as a Demonspawn Delver on July 22, 2022.
             Slain by a hound (5 damage)
             ... on level 4 of the Dungeon.
             The game lasted 00:00:51 (107 turns).

porpoise the Sneak (Demonspawn Delver)               Turns: 107, Time: 00:00:52

Health: 0/18       AC:  3    Str: 12    XL:     1   Next: 0%
Magic:  1/1        EV: 11    Int: 11    God:
Gold:   5          SH:  3    Dex: 14    Spells: 0/0 levels left

rFire   . . .      SeeInvis .   a - +0 spear
rCold   . . .      Faith    .   h - +0 buckler
rNeg    . . .      Spirit   .   b - +0 leather armour
rPois   .          Reflect  .   (no helmet)
rElec   .          Harm     .   (no cloak)
rCorr   .          Rampage  .   (no gloves)
Will    .....                   (no boots)
Stlth   ++........              (no amulet)
HPRegen 0.06/turn               (no ring)
MPRegen 0.07/turn               (no ring)

@: no status effects
A: no striking features
a: no special abilities


You were on level 4 of the Dungeon.
You visited 1 branch of the dungeon, and saw 2 of its levels.

You collected 5 gold pieces.

Inventory:

Hand Weapons
 a - a +0 spear (weapon)
Armour
 b - a +0 leather armour (worn)
 h - a +0 buckler (worn)
Wands
 g - a wand of digging (3)
Scrolls
 c - a scroll of fog
 d - a scroll of magic mapping
 e - a scroll of fear
Potions
 f - a potion of haste


   Skills:
 + Level 3.0 Fighting
 * Level 1.7 Polearms
 - Level 1.7 Dodging
 - Level 4.5 Stealth


You couldn't memorise any spells.
You didn't know any spells.
Your spell library was empty.

Dungeon Overview and Level Annotations

Branches:
Dungeon (5/15)
 Temple: D:4-7

Altars:


Message History

There is a stone staircase leading up here.
You now have 5 gold pieces.
There is a stone staircase leading up here.
You climb upwards.
Found a robe.
There is a stone staircase leading down here.
Found a buckler.
Found 4 gold pieces.
You see here a +0 buckler.
h - a +0 buckler You start putting on your armour.
You continue putting on your +0 buckler. x4
You finish putting on your +0 buckler. 3 gnolls come into view.
A jackal comes into view.
The jackal moves out of view.
Found a pair of boots.
A hound comes into view.
The hound barks!
The hound bites you.
There is a stone staircase leading down here.
You miss the hound. The hound bites you.
You hit the hound.
The hound is lightly wounded.
The hound bites you. x2
* * * LOW HITPOINT WARNING * * *
You are too injured to fight recklessly!
You are too injured to fight recklessly!
You hit the hound.
The hound is moderately wounded.
The hound bites you but does no damage.
You hit the hound but do no damage.
The hound is moderately wounded.
The hound closely misses you. The hound barely misses you.
Okay, then.
Unknown command.
You barely miss the hound.
The hound is moderately wounded.
The hound bites you.
You die...

#.# #...####........#
#.###
#...............#
#...#
#...[.........[.#
#.###
#...............# #.#
#........######## #.#
#........# #.#
#........#
#.###########...h....#
#..............@######
#################


You could see a hound.

Vanquished Creatures (others)
  4 fungi (D:5)
4 creatures vanquished.

Notes
Turn   | Place    | Note
-------+----------+-------------------------------------------
     0 | D:5      | porpoise the Demonspawn Delver began the quest for the Orb.
     0 | D:5      | Reached XP level 1. HP: 18/18 MP: 1/1
    94 | D:4      | Noticed a hound
   107 | D:4      | Slain by a hound

Illustrated notes

Levels and vault maps discovered:
D:4:      layout_basic, wad_floor_pattern_1, uniq_sigmund
D:5:      layout_basic, lemuel_temple_firewalk_b, serial_aquarium,
          aquarium_bridge_square [aquarium_subvault_wall,
          aquarium_subvault_wall, aquarium_subvault_window,
          aquarium_subvault_bridge], aquarium_window_1, aquarium_window_corner,
          aquarium_view_2g

Action                   || total
-------------------------++-------
Melee: Spear             ||     5
Armor: Leather armour    ||     1
Dodge: Dodged            ||     2

Table legend: (Time is in decaauts)
 A = Elapsed time spent in this place.
 B = Non-inter-level travel time spent in this place.
 C = Inter-level travel time spent in this place.
 D = Time resting spent in this place.
 E = Time spent auto-exploring this place.
 F = Levels seen in this place.
 G = Mean time per level.
                   A        B        C        D        E       F      G
               +--------+--------+--------+--------+--------+-----+--------+
         Total |    107 |    107 |      0 |      0 |      3 |   2 |   53.5 |
       Dungeon |    107 |    107 |      0 |      0 |      3 |   2 |   53.5 |
               +--------+--------+--------+--------+--------+-----+--------+

Top non-repeatable levels by time:
     D:4: 97 daAuts
     D:5: 10 daAuts
